 Dungeon Crawl Stone Soup version 0.23.0 (webtiles) character file.

Game seed: 7846335010107135193

490 Nygeryga the Cudgeler (level 6, -2/57 HPs)
             Began as a Minotaur Fighter on Feb 10, 2019.
             Slain by a killer bee (6 damage)
             ... on level 4 of the Dungeon.
             The game lasted 00:06:16 (3942 turns).

Nygeryga the Cudgeler (Minotaur Fighter)            Turns: 3942, Time: 00:06:17

Health: -2/57      AC:  6    Str: 23    XL:     6   Next: 90%
Magic:  5/5        EV:  7    Int:  8    God:
Gold:   181        SH:  9    Dex:  9    Spells: 5/5 levels left

rFire    . . .     SeeInvis .   p - +0 morningstar
rCold    . . .     Gourm    .   c - +0 shield
rNeg     . . .     Faith    .   b - +0 scale mail
rPois    .         Spirit   .   (helmet restricted)
rElec    .         Reflect  .   (no cloak)
rCorr    .         Harm     .   (no gloves)
MR       .....                  (no boots)
Stlth    ..........             (no amulet)
HPRegen  0.19/turn              q - +3 ring of intelligence
MPRegen  0.09/turn              (no ring)

@: lethally poisoned (-2 -> -28)
A: retaliatory headbutt, horns 2
a: no special abilities


You were on level 4 of the Dungeon.
You were not hungry.

You visited 1 branch of the dungeon, and saw 4 of its levels.

You collected 181 gold pieces.

Inventory:

Hand Weapons
 a - a +0 flail
 p - a +0 morningstar (weapon)
Armour
 b - a +0 scale mail (worn)
 c - a +0 shield (worn)
Jewellery
 q - a +3 ring of intelligence (left hand)
Scrolls
 e - a scroll of enchant weapon {unknown}
 g - 4 scrolls of identify {unknown}
 h - 3 scrolls of teleportation {unknown}
 l - a scroll of fog {unknown}
 m - 2 scrolls of magic mapping {unknown}
 o - a scroll of remove curse {unknown}
 t - a scroll of noise {unknown}
Potions
 d - 3 potions of might
 j - 2 potions of curing {unknown}
 k - 2 potions of degeneration {unknown}
 n - a potion of heal wounds {unknown}
 r - a potion of invisibility {unknown}
 s - a potion of flight {unknown}
Comestibles
 f - 10 rations
 i - 2 chunks of flesh


   Skills:
 + Level 6.1 Fighting
 * Level 7.5 Maces & Flails
 - Level 3.6 Armour
 - Level 3.6 Shields


You had 5 spell levels left.
You didn't know any spells.
Your spell library was empty.

Dungeon Overview and Level Annotations

Branches:
Dungeon (4/15)
 Temple: D:4-7

Altars:
Elyvilon


Innate Abilities, Weirdness & Mutations

You reflexively headbutt those who attack you in melee.
You have a pair of horns on your head.


Message History

You block the killer bee's attack.
* * * LOW HITPOINT WARNING * * *
You feel sick. You block the killer bee's attack.
The killer bee barely misses you. The killer bee stings you.
* * * LOW HITPOINT WARNING * * *
You are more poisoned.
The killer bee poisons you!
* * * LOW HITPOINT WARNING * * *
You feel sick. You block the killer bee's attack. The killer bee stings you.
* * * LOW HITPOINT WARNING * * *
You are more poisoned.
The killer bee poisons you! You block the killer bee's attack. x2
* * * LOW HITPOINT WARNING * * *
You feel very sick. You block the killer bee's attack.
The killer bee stings you.
* * * LOW HITPOINT WARNING * * *
* * * LOW HITPOINT WARNING * * *
You feel very sick. You block the killer bee's attack.
The killer bee stings you.
You die...

#.......##.)÷..#
+(......##.....#
#........'.....#
#.......##.....#
#.......##.....#
+........#.....#
#........#.....#
#........#.....#
###
#.....@..#.....#
....
#...yyy.##.....#
....##.(...yy#
.............#
.............#
.............#
y.....†......#
...##.......# ..
#.......#


You could see 5 killer bees.

Vanquished Creatures
  The ghost of kosherman the Poker, an amateur VSWr (D:3)
  A killer bee (D:4)
  An orc priest (D:3)
  2 orc wizards
  A worker ant (D:4)
  An iguana (D:4)
  6 gnolls
  6 adders
  An ooze (D:1)
  A worm (D:3)
  3 leopard geckos
  5 orcs
  2 giant cockroaches (D:2)
  5 goblins
  7 hobgoblins
  14 jackals
  11 kobolds
  A quokka (D:3)
  9 bats
  6 frilled lizards
  5 rats
89 creatures vanquished.

Notes
Turn   | Place    | Note
-------+----------+-------------------------------------------
     0 | D:1      | Nygeryga the Minotaur Fighter began the quest for the Orb.
     0 | D:1      | Reached XP level 1. HP: 19/19 MP: 0/0
   343 | D:1      | Reached skill level 3 in Maces & Flails
   392 | D:1      | Reached XP level 2. HP: 27/27 MP: 1/1
  1046 | D:1      | Reached XP level 3. HP: 31/33 MP: 2/2
  1190 | D:2      | Reached skill level 4 in Maces & Flails
  1573 | D:2      | Reached XP level 4. HP: 40/41 MP: 3/3
  1702 | D:2      | Found a white marble altar of Elyvilon.
  1807 | D:2      | Reached skill level 5 in Maces & Flails
  2230 | D:3      | Found a runed translucent door.
  2230 | D:3      | Noticed kosherman's ghost (amateur VSWr)
  2278 | D:3      | Reached skill level 5 in Fighting
  2278 | D:3      | Reached XP level 5. HP: 31/48 MP: 4/4
  2551 | D:3      | Reached skill level 6 in Maces & Flails
  3016 | D:3      | Killed kosherman's ghost
  3016 | D:3      | Reached XP level 6. HP: 49/57 MP: 5/5
  3187 | D:4      | Reached skill level 7 in Maces & Flails
  3942 | D:4      | Slain by a killer bee

Skill      XL: |  1  2  3  4  5  6 |
---------------+-------------------+-----
Maces & Flails | 3 4 5 6 7 |  7.5
Fighting       | 4 5 6 |  6.1
Armour         | |  3.6
Shields        | |  3.6

Action                   |  1- 3 |  4- 6 || total
-------------------------+-------+-------++-------
Melee: Flail             |    96 |    36 ||   132
       Headbutt          |     6 |    20 ||    26
       Morningstar       |       |   105 ||   105
  Eat: Chunk             |     2 |     8 ||    10
Armor: Scale mail        |    67 |    76 ||   143
Dodge: Dodged            |    38 |    70 ||   108
Block: Shield            |    60 |   117 ||   177
